 Dungeon Sprint DCSS version 0.19-a0-1922-g1e9a4c1 (webtiles) character file.

557983 Psiweapon the Skullcrusher (level 23, -3/244 HPs)
             Began as a Gargoyle Gladiator on Oct 24, 2016.
             Was the Champion of Okawaru.
             Slain by a tentacled monstrosity (5 damage)
             ... summoned by Mnoleg
             ... in the Dungeon (Sprint IX: "|||||||||||||||||||||||||||||").
             The game lasted 01:39:07 (13978 turns).

Psiweapon the Skullcrusher (Gargoyle Gladiator)    Turns: 13978, Time: 01:39:08

Health: -3/244     AC: 31    Str: 34    XL:     23   Next: 22%
Magic:  28/40      EV: -1    Int:  8    God:    Okawaru [******]
Gold:   804        SH:  0    Dex: 13    Spells: 0 memorised, 44 levels left

rFire  + + .     SeeInvis +     k - +7 great mace "Firestarter" {inner flame, rF++}
rCold  + + .     Gourm    +     (armour currently unavailable)
rNeg   + + +     Faith    .     (shield currently unavailable)
rPois  ∞         Spirit   .     (helmet currently unavailable)
rElec  .         Reflect  .     (cloak currently unavailable)
rCorr  +         Harm     .     (gloves currently unavailable)
MR     +++..     Rnd*Rage +     (boots currently unavailable)
Stlth  +++....... NoTele   +    O - amulet "Caddub" {Gourm rC+ MR+ Dex+2}
                                j - ring of Hiuh {rCorr +Blink rPois Str+4 SInv}
                                m - ring "Fig Daet" {+Inv rC+ SInv}

@: mighty, exhausted, tree-form, finesse, very slightly contaminated, hasted,
constricted, very quick
A: (big wings), (hooves 0), (slimy green scales 0), berserk 1, blurry vision 1,
clumsy 1, (deformed body), dopey 2, (fire resistance 0), magic resistance 1,
negative energy resistance 1, (electricity resistance), strong 1, (unbreathing),
petrification resistance, rot immunity, MP-powered wands, AC +17
a: Heroism, Finesse, Renounce Religion, Evoke Blink, Evoke Invisibility
0: Orb of Zot
}: 9/15 runes: decaying, serpentine, barnacled, slimy, elven, silver, golden,
abyssal, gossamer


You were in the Dungeon.
You worshipped Okawaru.
Okawaru was exalted by your worship.
You were not hungry.
You were a tree.
You visited 1 branch You collected 1404 gold pieces.
You spent 600 gold pieces at shops.

Inventory:

Hand Weapons
 k - the +7 great mace "Firestarter" (weapon) {inner flame, rF++}
   (You took it off a tengu reaver in the Dungeon)

   It has been specially enchanted to burn those struck by it, causing extra
   injury to most foes and up to half again as much damage against particularly
   susceptible opponents.
   It greatly protects you from fire.
 s - a +2 lajatang
 u - a +5 quarterstaff of speed
 E - the +1 demon blade of Discord {vamp, +Rage Dex+3 Stlth-}
   (You found it in the Dungeon)

   It inflicts no extra harm, but heals its wielder when it wounds a living foe.
   It affects your dexterity (+3).
   It lets you go berserk.
   It makes you less stealthy.
 J - the +7 triple sword of the Boiling Point {freeze, rPois}
   (Okawaru gifted it to you in the Dungeon)

   It has been specially enchanted to freeze those struck by it, causing extra
   injury to most foes and up to half again as much damage against particularly
   susceptible opponents.
   It can also slow down cold-blooded creatures.
   It protects you from poison.
Missiles
 c - 135 bolts
 d - 2 throwing nets
 g - 17 javelins of penetration (quivered)
 l - 6 silver tomahawks
 x - 5 tomahawks of dispersal
 A - 7 silver javelins
 G - 2 javelins of returning
 K - 58 javelins
 N - 10 poisoned javelins
 T - 5 steel javelins
 X - 3 poisoned tomahawks
Armour
 b - a +0 pair of gloves of dexterity (melded)
 h - +0 ice dragon scales
 P - the +2 cloak "Oshruc" (melded) {rF+}
   (Okawaru gifted it to you in the Dungeon)

   It protects you from fire.
 S - a +1 pair of boots (melded)
 U - a +2 helmet (melded)
 V - the +12 chain mail "Arecsic" (melded) {rN+ MR- Str+2 Dex+6}
   (Okawaru gifted it to you in the Dungeon)

   It affects your strength (+2).
   It affects your dexterity (+6).
   It protects you from negative energy.
   It affects your resistance to hostile enchantments.
Magical Staves
 q - an uncursed staff of energy
Rods
 z - a +8 iron rod (17/17)
   (You found it in the Dungeon)
 L - a -3 rod of inaccuracy (10/10)
   (You bought it in a shop in the Dungeon)
Jewellery
 a - a +6 ring of strength
 j - the ring of Hiuh (right branch) {rCorr +Blink rPois Str+4 SInv}
   (You found it in the Dungeon)

   [ring of resist corrosion]

   It affects your strength (+4).
   It protects you from poison.
   It lets you see invisible.
   It lets you blink.
 m - the ring "Fig Daet" (left branch) {+Inv rC+ SInv}
   (You found it in the Dungeon)

   [ring of protection from cold]

   It protects you from cold.
   It lets you see invisible.
   It lets you turn invisible.
 y - a +6 ring of strength
 O - the amulet "Caddub" (around neck) {Gourm rC+ MR+ Dex+2}
   (You found it in the Dungeon)

   [amulet of the gourmand]

   It allows you to eat raw meat even when not hungry.
   It affects your dexterity (+2).
   It protects you from cold.
   It affects your resistance to hostile enchantments.
 Q - a +6 ring of intelligence
Wands
 p - a wand of iceblast (7/15)
 Y - a wand of hasting (2/9)
Scrolls
 n - 7 scrolls of remove curse
 o - 2 scrolls of amnesia
 t - a scroll of enchant armour
 w - 3 scrolls of fear
 B - 4 scrolls of fog
 C - a scroll of identify
 D - 3 scrolls of recharging
 Z - a scroll of blinking
Potions
 e - 12 potions of curing
 i - 5 potions of magic
 r - a potion of agility
 M - 4 potions of might
 R - a potion of cure mutation
Miscellaneous
 v - the horn of Geryon
 F - a lamp of fire
Comestibles
 f - 13 bread rations
 H - 40 fruits
 I - 8 meat rations


   Skills:
 - Level 22.4 Fighting
 + Level 21.7 Long Blades
 O Level 27 Maces & Flails
 - Level 23.4(27) Staves
 O Level 27 Throwing
 O Level 27 Armour
 - Level 26.0 Dodging
 O Level 27 Stealth
 + Level 12.0 Unarmed Combat
 + Level 11.2 Spellcasting
 O Level 27 Invocations
 O Level 27 Evocations


You had 44 spell levels left.
You didn't know any spells.

Dungeon Overview and Level Annotations

Branches:
Dungeon (1/1)

Altars:
Cheibriados
Dithmenos
Elyvilon
Fedhas
Gozag
Hepliaklqana
Kikubaaqudgha
Makhleb
Nemelex Xobeh
Okawaru
Qazlal
Ru
Sif Muna
Trog
Uskayaw
Vehumet
Xom
Yredelemnul
Zin
The Shining One
Beogh
Jiyva
Lugonu

Shops:
D }%[(

Annotations:
D Antaeus, Dispater, Mnoleg


Innate Abilities, Weirdness & Mutations

You are resistant to torment.
((Your stone body is resilient. (AC +17)))
You are immune to poison.
((Your large and strong wings let you fly indefinitely.))
You resist negative energy. (rN+)
((You are resistant to electric shocks. (rElec)))
((You can survive without breathing.))
You are immune to petrification.
You are immune to rotting.
((You have large cloven feet.))
((You are partially covered in slimy green scales. (AC +2)))
You tend to lose your temper in combat.
Scrolls take you a little longer to read.
You are clumsy. (Dex -2)
((Armour fits poorly on your strangely shaped body.))
You are very dopey. (Int -4)
((Your flesh is heat resistant. (rF+)))
You are resistant to hostile enchantments. (MR+)
Your muscles are strong. (Str +2)
You expend magic power (3 MP) to strengthen your wands.


Message History

The tentacled monstrosity tentacle-slaps you.
* * * LOW HITPOINT WARNING * * *
The tentacled monstrosity tentacle-slaps you but does no damage.
The tentacled monstrosity tentacle-slaps you!
* * * LOW HITPOINT WARNING * * *
x2 The tentacled monstrosity constricts you.
Unknown command.
You feel very mighty all of a sudden.
Antaeus is no longer unusually resistant.
The tentacled monstrosity tentacle-slaps you.
* * * LOW HITPOINT WARNING * * *
The tentacled monstrosity tentacle-slaps you but does no damage. x2
The tentacled monstrosity constricts you.
You bludgeon the tentacled monstrosity!!
The tentacled monstrosity is severely wounded.
You barely miss the tentacled monstrosity.
The tentacled monstrosity is severely wounded.
The tentacled monstrosity tentacle-slaps you but does no damage.
The tentacled monstrosity tentacle-slaps you.
You die...

▓.▓.▓.▓.▓)▓.▓[▓.▓.
▓.▓.▓.▓.▓(▓.▓'▓.▓.
▓.▓)▓.▓.▓(▓.▓.▓.▓.
▓.▓.▓'▓.▓)▓.▓[▓.▓.
▓.▓.▓.▓.▓)▓.▓.▓.▓)
▓.▓.▓.▓.▓)▓.▓.▓.▓[
▓C▓.▓.▓.♣.♣.▓.▓.▓[
▓X▓.▓.▓.♣.♣.▓.▓.▓%
▓♣▓.▓.▓.♣.♣.▓.▓.▓)
▓.▓.▓.▓.♣.♣.▓.▓.▓.
▓.▓.▓.▓.♣.♣.▓.▓.▓.
▓.▓.▓.▓.♣)♣.▓.▓.▓.
▓.▓.▓.▓.♣)♣.▓'▓.▓.
▓.▓.▓.▓.♣)♣.▓.▓.▓.
▓.▓.▓'▓.♣)♣.▓.▓.▓.
▓.▓.▓.▓.♣)♣.▓)▓.▓.
▓.▓.▓.▓.♣)♣.▓.▓.▓.


You could see Antaeus and a tentacled monstrosity (inner flame).

Vanquished Creatures
  the Royal Jelly (D)
  3 pandemonium lords (D)
  2 orbs of fire (D)
  6 ancient liches (D)
  Boris (D)
  5 greater mummies (D)
  Saint Roka (D)
  Margery (D)
  Xtahua (D)
  A Killer Klown (D)
  3 golden dragons (D)
  Geryon (D)
  A bone dragon (D)
  Jory (D)
  A profane servitor (D)
  3 electric golems (D)
  An Ice Fiend (D)
  2 Hell Sentinels (D)
  A quicksilver dragon (D)
  36 Orb Guardians (D)
  4 tentacled monstrosities (D)
  3 liches (D)
  2 deep elf blademasters (D)
  13 acid blobs (D)
  12 sphinxes (D)
  2 Executioners (D)
  A death cob (D)
  8 shadow dragons (D)
  A tengu reaver (D)
  6 storm dragons (D)
  Ilsuiw (D)
  Donald (D)
  3 draconian monks (D)
  A fire giant (D)
  9 azure jellies (D)
  7 nagarajas (D)
  A deep elf sorcerer (D)
  2 ghost moths (D)
  2 vault wardens (D)
  3 frost giants (D)
  Louise (D)
  6 emperor scorpions (D)
  3 draconian zealots (D)
  7 ironheart preservers (D)
  2 draconian shifters (D)
  A cacodemon (D)
  A draconian caller (D)
  An entropy weaver (D)
  6 stone giants (D)
  A black draconian (D)
  9 vampire knights (D)
  3 very ugly things (D)
  2 deep elf annihilators (D)
  3 green draconians (D)
  2 deep elf demonologists (D)
  A mottled draconian (D)
  Nessos (D)
  3 white draconians (D)
  2 purple draconians (D)
  3 red draconians (D)
  6 yellow draconians (D)
  A spark wasp (D)
  2 merfolk impalers (D)
  4 merfolk javelineers (D)
  5 deep elf death magi (D)
  4 ettins (D)
  Snorg (D)
  3 yaktaur captains (D)
  5 mummy priests (D)
  8 fire dragons (D)
  9 death oozes (D)
  2 great orbs of eyes (D)
  3 ice dragons (D)
  8 hydras (D)
  2 deep elf high priests (D)
  25 vault guards (D)
  4 naga warriors (D)
  A spriggan air mage (D)
  2 centaur warriors (D)
  A hell beast (D)
  2 ogre magi (D)
  3 anacondas (D)
  2 death knights (D)
  4 merfolk aquamancers (D)
  2 satyrs (D)
  A vampire mage (D)
  2 tengu warriors (D)
  A deep troll earth mage (D)
  A spriggan berserker (D)
  A hell hog (shapeshifter) (D)
  An alligator (D)
  Urug (D)
  A sun demon (D)
  A shock serpent (D)
  A soul eater (D)
  4 hell knights (D)
  4 sixfirhies (D)
  3 sea snakes (D)
  An unseen horror (D)
  A wizard (D)
  2 glowing orange brains (D)
  2 shadow demons (D)
  2 large abominations (D)
  A gelid demonspawn (D)
  3 hill giants (D)
  7 swamp dragons (D)
  3 lindwurms (D)
  4 wolf spiders (D)
  A lindwurm (shapeshifter) (D)
  3 necromancers (D)
  3 orc knights (D)
  2 cyclopes (D)
  An orc sorcerer (D)
  A manticore (D)
  6 black mambas (D)
  9 moths of wrath (D)
  3 smoke demons (D)
  2 torpor snails (D)
  2 guardian serpents (D)
  A naga mage (D)
  3 orange demons (D)
  A spiny frog (D)
  3 yaktaurs (D)
  3 ice devils (D)
  2 demonic crawlers (D)
  A tormentor (D)
  2 komodo dragons (D)
  2 hellwings (D)
  18 guardian mummies (D)
  A tengu conjurer (D)
  2 jumping spiders (D)
  2 trolls (D)
  3 merfolk (D)
  3 tyrant leeches (D)
  A red devil (D)
  A wandering mushroom (D)
  A wind drake (shapeshifter) (D)
  4 hornets (D)
  6 two-headed ogres (D)
  A snapping turtle (D)
  2 hippogriffs (D)
  A blink frog (D)
  A slime creature (D)
  5 starcursed masses (D)
  A redback (shapeshifter) (D)
  4 yaks (D)
  13 spriggans (D)
  A vampire (D)
  2 ynoxinuls (D)
  4 redbacks (D)
  3 tarantellas (D)
  A wyvern (D)
  A basilisk (D)
  2 neqoxecs (D)
  A golden eye (D)
  5 small abominations (D)
  A hungry ghost (D)
  3 chaos spawn (D)
  2 vampire mosquitoes (D)
  A warg (D)
  3 porcupines (D)
  A floating eye (D)
  10 orc warriors (D)
  2 eyes of draining (D)
  6 ogres (D)
  2 crocodiles (D)
  4 bullfrogs (D)
  A crimson imp (D)
  2 orc wizards (D)
  5 orc priests (D)
  An iron imp (D)
  A hell rat (D)
  A worker ant (D)
  2 shadow imps (D)
  3 white imps (D)
  4 worms (D)
  2 adder skeletons (D)
  A leopard gecko (D)
  9 orcs (D)
  2 bat skeletons (D)
  A goblin (D)
  A hobgoblin (D)
  2 kobolds (D)
  A frilled lizard (D)
  A giant cockroach zombie (D)
  3 crawling corpses (D)
588 creatures vanquished.

Vanquished Creatures (others)
  Gloorx Vloq (D)
  Lom Lobon (D)
  Ereshkigal (D)
  A hellephant (D)
  A merfolk aquamancer (D)
  A vampire mage (D)
  A spatial maelstrom (D)
  A smoke demon (D)
  An ice devil (D)
  A chaos spawn (D)
  A lurking horror (D)
11 creatures vanquished.

Grand Total: 599 creatures vanquished

Notes
Turn   | Place    | Note
-------+----------+-------------------------------------------
     0 | D        | Psiweapon the Gargoyle Gladiator began the quest for the Orb.
     0 | D        | Reached XP level 1. HP: 12/12 MP: 1/1
     9 | D        | Banished a spatial maelstrom
    37 | D        | Reached XP level 2. HP: 16/18 MP: 2/2
    71 | D        | Found a roughly hewn altar of Beogh.
    71 | D        | Found a snail-covered altar of Cheibriados.
    71 | D        | Found a shadowy altar of Dithmenos.
    71 | D        | Found a white marble altar of Elyvilon.
    71 | D        | Found a blossoming altar of Fedhas.
    71 | D        | Found an opulent altar of Gozag.
    72 | D        | Found a hazy altar of Hepliaklqana.
    73 | D        | Found a viscous altar of Jiyva.
    74 | D        | Found an ancient bone altar of Kikubaaqudgha.
    75 | D        | Found a corrupted altar of Lugonu.
    76 | D        | Found a burning altar of Makhleb.
    77 | D        | Found a sparkling altar of Nemelex Xobeh.
    78 | D        | Found an iron altar of Okawaru.
    79 | D        | Found a stormy altar of Qazlal.
    80 | D        | Found a sacrificial altar of Ru.
    81 | D        | Found a deep blue altar of Sif Muna.
    82 | D        | Found a bloodstained altar of Trog.
    83 | D        | Found a hide-covered altar of Uskayaw.
    84 | D        | Found a radiant altar of Vehumet.
    87 | D        | Found a shimmering altar of Xom.
    88 | D        | Found a basalt altar of Yredelemnul.
    89 | D        | Found a glowing silver altar of Zin.
    90 | D        | Found a glowing golden altar of the Shining One.
   118 | D        | Became a worshipper of Warmaster Okawaru
   177 | D        | Noticed a yak
   177 | D        | Noticed a hill giant
   177 | D        | Noticed a hippogriff
   177 | D        | Noticed a hippogriff
   199 | D        | Killed a hippogriff
   199 | D        | Reached * piety under Okawaru
   199 | D        | Reached XP level 3. HP: 8/24 MP: 2/6
   199 | D        | Reached XP level 4. HP: 10/30 MP: 2/7
   199 | D        | Reached XP level 5. HP: 11/34 MP: 2/8
   217 | D        | Killed a hippogriff
   217 | D        | Reached skill level 5 in Fighting
   217 | D        | Reached skill level 5 in Dodging
   217 | D        | Reached skill level 1 in Stealth
   217 | D        | Reached XP level 6. HP: 33/41 MP: 0/10
   228 | D        | Killed a hill giant
   228 | D        | Reached ** piety under Okawaru
   228 | D        | Reached XP level 7. HP: 29/47 MP: 1/12
   228 | D        | Reached XP level 8. HP: 32/52 MP: 1/13
   247 | D        | Killed a yak
   247 | D        | Reached *** piety under Okawaru
   361 | D        | Noticed a cyclops
   361 | D        | Noticed a yak
   361 | D        | Noticed a troll
   372 | D        | Killed a troll
   381 | D        | Killed a yak
   399 | D        | Killed a cyclops
   399 | D        | Reached XP level 9. HP: 21/59 MP: 15/15
   704 | D        | Noticed a komodo dragon
   704 | D        | Noticed a black mamba
   709 | D        | Killed a black mamba
   709 | D        | Reached **** piety under Okawaru
   733 | D        | Killed a komodo dragon
   733 | D        | Received a gift from Okawaru
   929 | D        | Noticed a seven-headed hydra
   929 | D        | Noticed a komodo dragon
   933 | D        | Noticed a black mamba
   935 | D        | Killed a komodo dragon
   935 | D        | Reached ***** piety under Okawaru
   935 | D        | Reached XP level 10. HP: 34/66 MP: 16/16
   950 | D        | Killed a seven-headed hydra
   950 | D        | Received a gift from Okawaru
   950 | D        | Reached skill level 15 in Staves
   950 | D        | Reached skill level 10 in Armour
   950 | D        | Reached skill level 5 in Evocations
   973 | D        | Killed a black mamba
   973 | D        | Received a gift from Okawaru
   973 | D        | Reached skill level 10 in Fighting
  1152 | D        | Noticed a lindwurm
  1152 | D        | Noticed a lindwurm
  1161 | D        | Killed a lindwurm
  1162 | D        | Noticed a lindwurm
  1167 | D        | Killed a lindwurm
  1197 | D        | Killed a lindwurm
  1197 | D        | Reached XP level 11. HP: 34/74 MP: 12/18
  1399 | D        | Noticed Urug
  1422 | D        | Killed Urug
  1422 | D        | Reached skill level 10 in Invocations
  1519 | D        | Noticed an orc sorcerer
  1525 | D        | Noticed an orc knight
  1543 | D        | Killed an orc sorcerer
  1557 | D        | Killed an orc knight
  1695 | D        | Noticed an orc knight
  1724 | D        | Killed an orc knight
  1724 | D        | Received a gift from Okawaru
  1756 | D        | Found Degitef's Antique Weapon Boutique.
  1762 | D        | Found Sidghidun's Antique Armour Shop.
  1769 | D        | Found Qudo's Food Boutique.
  1777 | D        | Found Oruy's Gadget Shop.
  1779 | D        | Noticed an ogre mage
  1787 | D        | Killed an ogre mage
  2020 | D        | Bought a -3 rod of inaccuracy (10/10) for 600 gold pieces
  2154 | D        | Got the +3 scale mail "Qachil" {MR+++ Int-3 Slay+4 Stlth-}
  2229 | D        | Noticed a cyclops
  2229 | D        | Noticed a centaur warrior
  2234 | D        | Noticed a fire dragon
  2245 | D        | Noticed a stone giant
  2247 | D        | Killed a centaur warrior
  2247 | D        | Received a gift from Okawaru
  2252 | D        | Reached XP level 12. HP: 85/86 MP: 4/20
  2256 | D        | Noticed a stone giant
  2265 | D        | Noticed a purple very ugly thing
  2265 | D        | Killed a fire dragon
  2267 | D        | Noticed a fire dragon
  2272 | D        | Noticed a tengu warrior
  2279 | D        | Killed a stone giant
  2279 | D        | Reached skill level 15 in Fighting
  2293 | D        | Killed a stone giant
  2308 | D        | Killed a purple very ugly thing
  2308 | D        | Received a gift from Okawaru
  2312 | D        | Killed a fire dragon
  2322 | D        | Killed a tengu warrior
  2330 | D        | Noticed a yaktaur captain
  2343 | D        | Killed a yaktaur captain
  2343 | D        | Reached ****** piety under Okawaru
  2343 | D        | Received a gift from Okawaru
  2390 | D        | Gained mutation: Your body sometimes deteriorates upon taking damage. [mutagenic meat]
  2391 | D        | Gained mutation: You are resistant to hostile enchantments. (MR+) [mutagenic meat]
  2392 | D        | Gained mutation: You have an increased reservoir of magic. (+10% MP) [mutagenic meat]
  2393 | D        | Gained mutation: Your muscles are strong. (Str +2) [mutagenic meat]
  2394 | D        | Gained mutation: You are partially covered in slimy green scales. (AC +2) [mutagenic meat]
  2709 | D        | Noticed an anaconda
  2709 | D        | Noticed a shock serpent
  2709 | D        | Noticed an anaconda
  2711 | D        | Noticed a nagaraja
  2724 | D        | Killed an anaconda
  2728 | D        | Killed a shock serpent
  2732 | D        | Noticed an anaconda
  2736 | D        | Killed an anaconda
  2736 | D        | Reached XP level 13. HP: 60/96 MP: 18/24
  2743 | D        | Killed a nagaraja
  3253 | D        | Reached skill level 5 in Throwing
  3308 | D        | Received a gift from Okawaru
  3313 | D        | Reached skill level 5 in Stealth
  3458 | D        | Noticed Donald
  3472 | D        | Killed Donald
  3559 | D        | Noticed Snorg
  3567 | D        | Killed Snorg
  3567 | D        | Received a gift from Okawaru
  3613 | D        | Noticed a frost giant
  3613 | D        | Noticed an ettin
  3614 | D        | Noticed an ettin
  3618 | D        | Received a gift from Okawaru
  3628 | D        | Killed a frost giant
  3628 | D        | Gained mutation: Your large and strong wings let you fly indefinitely. [Gargoyle growth]
  3628 | D        | Reached XP level 14. HP: 95/106 MP: 19/27
  3642 | D        | Received a gift from Okawaru
  3650 | D        | Reached skill level 15 in Invocations
  3684 | D        | Got a pitted chain mail {god gift}
  3714 | D        | Noticed a fire giant
  3722 | D        | Noticed a white very ugly thing
  3726 | D        | HP: 1/107 [fire giant/fireball (16)]
  4227 | D        | Killed a fire giant
  4234 | D        | Killed a white very ugly thing
  4234 | D        | Reached skill level 10 in Dodging
  4274 | D        | Lost mutation: You have an increased reservoir of magic. (+10% MP) [mutagenic meat]
  4276 | D        | Gained mutation: Your muscles are very strong. (Str +4) [mutagenic meat]
  4277 | D        | Gained mutation: Your flesh is heat resistant. (rF+) [mutagenic meat]
  4278 | D        | Gained mutation: You are clumsy. (Dex -2) [mutagenic meat]
  4279 | D        | Gained mutation: You tend to lose your temper in combat. [mutagenic meat]
  4622 | D        | Identified the +12 chain mail "Arecsic" {rN+ MR- Str+2 Dex+6} (Okawaru gifted it to you in the Dungeon)
  4625 | D        | Noticed an ironheart preserver
  4627 | D        | Noticed an ironheart preserver
  4659 | D        | Killed an ironheart preserver
  4661 | D        | Killed an ironheart preserver
  4661 | D        | Received a gift from Okawaru
  4670 | D        | Noticed an ironheart preserver
  4673 | D        | Noticed a stone giant
  4675 | D        | Noticed an ironheart preserver
  4687 | D        | Killed an ironheart preserver
  4693 | D        | Killed a stone giant
  4693 | D        | Killed an ironheart preserver
  4716 | D        | Reached skill level 10 in Throwing
  4755 | D        | Lost mutation: Your body sometimes deteriorates upon taking damage. [mutagenic meat]
  4757 | D        | Gained mutation: You have large cloven feet. [mutagenic meat]
  5017 | D        | Noticed Xtahua
  5035 | D        | Paralysed by Xtahua for 2 turns
  5043 | D        | Killed Xtahua
  5043 | D        | Reached XP level 15. HP: 17/115 MP: 27/27
  5414 | D        | Noticed Louise
  5415 | D        | Noticed Saint Roka
  5429 | D        | Killed Louise
  5429 | D        | Received a gift from Okawaru
  5429 | D        | Reached skill level 10 in Evocations
  5430 | D        | Got a spiked ring mail {god gift}
  5453 | D        | Killed Saint Roka
  5514 | D        | Identified the +2 ring mail "Lugeadas" {Regen+ Int+2 Dex+2} (Okawaru gifted it to you in the Dungeon)
  5867 | D        | Got the +1 demon blade of Discord {vamp, +Rage Dex+3 Stlth-}
  6068 | D        | Noticed a nagaraja
  6068 | D        | Noticed a nagaraja
  6074 | D        | Noticed a nagaraja
  6080 | D        | Killed a nagaraja
  6081 | D        | Noticed a nagaraja
  6089 | D        | Killed a nagaraja
  6104 | D        | Noticed a nagaraja
  6110 | D        | Killed a nagaraja
  6111 | D        | Noticed a nagaraja
  6123 | D        | Killed a nagaraja
  6142 | D        | Killed a nagaraja
  6142 | D        | Received a gift from Okawaru
  6155 | D        | Killed a nagaraja
  6155 | D        | Reached skill level 15 in Armour
  6166 | D        | Got a serpentine rune of Zot
  6181 | D        | Noticed an emperor scorpion
  6181 | D        | Noticed an emperor scorpion
  6181 | D        | Noticed an emperor scorpion
  6181 | D        | Noticed an emperor scorpion
  6192 | D        | Killed an emperor scorpion
  6210 | D        | Killed an emperor scorpion
  6210 | D        | Reached skill level 1 in Long Blades
  6231 | D        | Killed an emperor scorpion
  6248 | D        | Killed an emperor scorpion
  6248 | D        | Reached skill level 5 in Long Blades
  6252 | D        | Killed a ghost moth
  6257 | D        | Killed a ghost moth
  6262 | D        | Noticed an emperor scorpion
  6267 | D        | Noticed an emperor scorpion
  6275 | D        | Killed an emperor scorpion
  6275 | D        | Received a gift from Okawaru
  6275 | D        | Reached skill level 10 in Long Blades
  6280 | D        | Killed an emperor scorpion
  6280 | D        | Received a gift from Okawaru
  6280 | D        | Reached XP level 16. HP: 57/124 MP: 2/29
  6289 | D        | Got a gossamer rune of Zot
  6576 | D        | Got a decaying rune of Zot
  6586 | D        | Noticed Ilsuiw
  6594 | D        | Killed Ilsuiw
  6606 | D        | Reached skill level 15 in Long Blades
  6609 | D        | Got a barnacled rune of Zot
  6684 | D        | Noticed Boris
  6700 | D        | Killed Boris
  6700 | D        | Received a gift from Okawaru
  6821 | D        | Received a gift from Okawaru
  6877 | D        | Reached XP level 17. HP: 125/129 MP: 30/30
  6973 | D        | Noticed a golden dragon
  6979 | D        | Killed a golden dragon
  6981 | D        | Reached skill level 15 in Throwing
  7056 | D        | Received a gift from Okawaru
  7105 | D        | Got a slimy dagger
  7335 | D        | Noticed a golden dragon
  7335 | D        | Noticed a lich
  7336 | D        | Noticed an ancient lich
  7339 | D        | Received a gift from Okawaru
  7339 | D        | Killed a lich
  7351 | D        | Received a gift from Okawaru
  7356 | D        | Killed a golden dragon
  7364 | D        | Killed an ancient lich
  7364 | D        | Reached skill level 1 in Maces & Flails
  7385 | D        | Got a silver rune of Zot
  7405 | D        | Noticed Jory
  7424 | D        | Killed Jory
  7500 | D        | Noticed Margery
  7515 | D        | Killed Margery
  7515 | D        | Reached skill level 5 in Maces & Flails
  7523 | D        | Reached XP level 18. HP: 100/135 MP: 25/32
  7689 | D        | Got the ring of Hiuh {rCorr +Blink rPois Str+4 SInv}
  7691 | D        | Got the ring "Fig Daet" {+Inv rC+ SInv}
  7693 | D        | Got the amulet "Caddub" {Gourm rC+ MR+ Dex+2}
  7695 | D        | Got the ring "Keuplean" {Str+2 Int+3 SInv Stlth+}
  7697 | D        | Got the ring "Befefod" {rN++ MR- Dex-2 SInv Stlth+}
  7807 | D        | Noticed Nessos
  7815 | D        | Killed Nessos
  7815 | D        | Received a gift from Okawaru
  7827 | D        | Got a faintly glowing scale mail {god gift}
  7839 | D        | Identified the +2 scale mail "Axkerph" {rC+ Int+9 Stlth-} (Okawaru gifted it to you in the Dungeon)
  7925 | D        | Noticed a golden dragon
  7930 | D        | Noticed a lich
  7943 | D        | Killed a golden dragon
  7943 | D        | Reached skill level 10 in Maces & Flails
  7948 | D        | Killed a lich
  8324 | D        | Noticed a bone dragon
  8337 | D        | Killed a bone dragon
  8337 | D        | Reached skill level 15 in Maces & Flails
  8510 | D        | Noticed a tentacled monstrosity
  8515 | D        | Killed a tentacled monstrosity
  8517 | D        | Noticed a quicksilver dragon
  8534 | D        | Received a gift from Okawaru
  8537 | D        | Killed a quicksilver dragon
  8585 | D        | Got a scorched cloak {god gift}
  8596 | D        | Identified the +0 cloak of the Endless Expanse {rF- Dex+5} (Okawaru gifted it to you in the Dungeon)
  8618 | D        | Noticed a tentacled monstrosity
  8629 | D        | Killed a tentacled monstrosity
  8757 | D        | Noticed a tentacled monstrosity
  8762 | D        | Killed a tentacled monstrosity
  8789 | D        | Reached XP level 19. HP: 91/140 MP: 27/34
  8978 | D        | Received a gift from Okawaru
  9166 | D        | Received a gift from Okawaru
  9378 | D        | Noticed a tentacled monstrosity
  9387 | D        | Killed a tentacled monstrosity
  9389 | D        | Reached skill level 15 in Dodging
  9442 | D        | Noticed an ancient lich
  9444 | D        | Killed an ancient lich
  9444 | D        | Received a gift from Okawaru
  9445 | D        | Got an ichor-stained cloak {god gift}
  9457 | D        | Identified the +2 cloak "Oshruc" {rF+} (Okawaru gifted it to you in the Dungeon)
  9464 | D        | Noticed an orb of fire
  9467 | D        | Lost mutation: Your muscles are very strong. (Str +4) [an orb of fire]
  9472 | D        | Gained mutation: Potions and wands are less effective at restoring your health. [an orb of fire]
  9484 | D        | Gained mutation: Scrolls take you a little longer to read. [an orb of fire]
  9486 | D        | Gained mutation: You expend magic power (3 MP) to strengthen your wands. [an orb of fire]
  9489 | D        | Killed an orb of fire
  9489 | D        | Reached skill level 27 in Maces & Flails
  9491 | D        | Noticed an electric golem
  9501 | D        | Killed an electric golem
  9661 | D        | Noticed an ancient lich
  9661 | D        | Noticed an ancient lich
  9666 | D        | Noticed a Killer Klown
  9673 | D        | Noticed an electric golem
  9674 | D        | Killed an ancient lich
  9674 | D        | Reached XP level 20. HP: 147/147 MP: 35/35
  9683 | D        | Killed an ancient lich
  9693 | D        | Killed a Killer Klown
  9708 | D        | Noticed an orb of fire
  9710 | D        | Noticed an electric golem
  9716 | D        | Killed an electric golem
  9716 | D        | Lost mutation: Potions and wands are less effective at restoring your health. [an orb of fire]
  9748 | D        | Gained mutation: Armour fits poorly on your strangely shaped body. [an orb of fire]
  9750 | D        | Killed an orb of fire
  9750 | D        | Received a gift from Okawaru
  9768 | D        | Killed an electric golem
 10135 | D        | Received a gift from Okawaru
 10144 | D        | Reached skill level 27 in Armour
 10155 | D        | Received a gift from Okawaru
 10166 | D        | Reached skill level 27 in Throwing
 10306 | D        | Received a gift from Okawaru
 10468 | D        | Got the Orb of Zot
 10549 | D        | Noticed an ancient lich
 10550 | D        | Noticed an ancient lich
 10569 | D        | Killed an ancient lich
 10569 | D        | Received a gift from Okawaru
 10569 | D        | Reached skill level 27 in Invocations
 10569 | D        | Reached XP level 21. HP: 150/152 MP: 32/38
 10586 | D        | Killed an ancient lich
 10774 | D        | Got an elven rune of Zot
 11011 | D        | Received a gift from Okawaru
 11011 | D        | Reached skill level 15 in Evocations
 11023 | D        | Noticed the Royal Jelly
 11051 | D        | Killed the Royal Jelly
 11055 | D        | Killed Gloorx Vloq
 11153 | D        | Killed Ereshkigal
 11178 | D        | Received a gift from Okawaru
 11310 | D        | Got a slimy rune of Zot
 11310 | D        | Paralysed by a floating eye for 3 turns
 11317 | D        | Received a gift from Okawaru
 11323 | D        | Got a pair of jewelled gloves {god gift}
 11335 | D        | Identified the +0 pair of gloves of Kaquocapy {MP+9} (Okawaru gifted it to you in the Dungeon)
 11479 | D        | Noticed a profane servitor
 11489 | D        | Killed a profane servitor
 11524 | D        | Reached XP level 22. HP: 94/158 MP: 39/39
 12465 | D        | Noticed a greater mummy
 12465 | D        | Noticed a greater mummy
 12465 | D        | Noticed a greater mummy
 12465 | D        | Noticed a greater mummy
 12472 | D        | Killed a greater mummy
 12472 | D        | Reached skill level 27 in Evocations
 12475 | D        | Killed a greater mummy
 12477 | D        | Killed a greater mummy
 12477 | D        | Reached skill level 10 in Stealth
 12477 | D        | Reached skill level 5 in Spellcasting
 12493 | D        | Killed a greater mummy
 12493 | D        | Received a gift from Okawaru
 12504 | D        | Noticed a greater mummy
 12509 | D        | Killed a greater mummy
 12638 | D        | Got a golden rune of Zot
 12858 | D        | Reached skill level 10 in Unarmed Combat
 13179 | D        | Reached skill level 10 in Spellcasting
 13183 | D        | Got an abyssal rune of Zot
 13226 | D        | Reached skill level 15 in Stealth
 13243 | D        | Gained mutation: You are dopey. (Int -2) [a neqoxec]
 13258 | D        | Received a gift from Okawaru
 13274 | D        | Noticed Xonanu the pandemonium lord
 13286 | D        | HP: 6/158 [Xonanu the pandemonium lord/crystal spear (62)]
 13295 | D        | Killed Xonanu the pandemonium lord
 13295 | D        | Received a gift from Okawaru
 13301 | D        | Reached XP level 23. HP: 22/163 MP: 36/40
 13369 | D        | Got a blackened triple sword {god gift}
 13374 | D        | Identified the +7 triple sword of the Boiling Point {freeze, rPois} (Okawaru gifted it to you in the Dungeon)
 13382 | D        | Noticed Zaroczi the pandemonium lord
 13399 | D        | Killed Zaroczi the pandemonium lord
 13473 | D        | Killed Lom Lobon
 13495 | D        | Gained mutation: You are very dopey. (Int -4) [mutagenic glow]
 13522 | D        | Received a gift from Okawaru
 13805 | D        | Noticed Hexoosim the pandemonium lord
 13830 | D        | Killed Hexoosim the pandemonium lord
 13884 | D        | Noticed Geryon
 13894 | D        | Killed Geryon
 13894 | D        | Received a gift from Okawaru
 13894 | D        | Reached skill level 27 in Stealth
 13917 | D        | Noticed Antaeus
 13917 | D        | Noticed Dispater
 13917 | D        | Noticed Mnoleg
 13975 | D        | HP: 8/244 [tentacled monstrosity[Mnoleg] (7)]
 13975 | D        | HP: 3/244 [tentacled monstrosity[Mnoleg] (5)]
 13978 | D        | Slain by a tentacled monstrosity

Vault maps used:
D:        linesprint

Skill      XL: |  1  2  3  4  5  6  7  8  9 10 11 12 13 14 15 16 17 18 19 20 21 22 23 |
---------------+----------------------------------------------------------------------+-----
Throwing       | 2 3 6 10 11 14 19 20 23 27 | 27.0
Dodging        | 3 4 5 6 7 9 10 11 12 13 14 15 19 26 | 26.0
Staves         | 7 9 11 13 14 15 17 19 20 22 23 | 23.4
Fighting       | 4 5 6 8 9 11 14 17 19 21 22 | 22.4
Armour         | 3 4 6 8 9 11 12 13 15 17 19 21 24 27 | 27.0
Invocations    | 4 6 7 9 11 12 14 17 18 19 21 22 23 27 | 27.0
Stealth        | 1 2 3 5 6 7 8 21 27 | 27.0
Evocations     | 4 6 7 8 9 10 12 13 21 27 | 27.0
Long Blades    | 10 17 19 21 | 21.7
Maces & Flails | 6 21 27 | 27.0
Unarmed Combat | 12 | 12.0
Spellcasting   | 11 | 11.2

Action                   |  1- 3 |  4- 6 |  7- 9 | 10-12 | 13-15 | 16-18 | 19-21 | 22-24 || total
-------------------------+-------+-------+-------+-------+-------+-------+-------+-------++-------
Melee: Quarterstaff      |    47 |    26 |    66 |   103 |   324 |   193 |    13 |       ||   772
       Lajatang          |       |       |    29 |   186 |   114 |    51 |    22 |       ||   402
       Demon blade       |       |       |       |       |    43 |       |       |       ||    43
       Punch             |       |       |       |       |     1 |       |       |       ||     1
       Triple sword      |       |       |       |       |       |     8 |       |       ||     8
       Great mace        |       |       |       |       |       |   156 |   344 |   250 ||   750
Throw: Throwing net      |       |     1 |       |       |       |       |     2 |     2 ||     5
       Javelin           |       |       |       |     2 |    50 |    65 |    75 |    53 ||   245
       Tomahawk          |       |       |       |       |     3 |       |     3 |    10 ||    16
Invok: Heroism           |       |     1 |     2 |     7 |    13 |     8 |     4 |     5 ||    40
       Finesse           |       |       |       |     7 |    10 |     7 |     3 |     7 ||    34
 Abil: Evoke Invisibilit |       |       |       |       |       |       |       |     1 ||     1
Evoke: Rod               |       |       |     4 |     8 |    22 |     6 |     3 |     6 ||    49
       Wand              |       |       |       |       |       |       |     1 |     2 ||     3
       Lamp of fire      |       |       |       |       |       |       |       |     1 ||     1
  Use: Potion            |     2 |     1 |     1 |     8 |     6 |     1 |     4 |     4 ||    27
       Scroll            |       |       |     2 |     2 |     3 |     3 |       |     1 ||    11
 Stab: Sleeping          |       |       |       |       |     1 |       |       |     1 ||     2
       Invisible         |       |       |       |       |       |       |       |     1 ||     1
  Eat: Chunk             |       |       |     3 |    12 |    16 |    17 |     7 |     3 ||    58
       Pizza             |       |       |       |     1 |       |       |       |       ||     1
       Meat ration       |       |       |       |       |     3 |     1 |       |       ||     4
Armor: Leather armour    |     5 |       |       |       |       |       |       |       ||     5
       Chain mail        |    33 |     8 |    24 |    49 |   152 |   186 |   192 |   106 ||   750
       Scale mail        |       |       |       |    22 |    56 |       |       |       ||    78
       Robe              |       |       |       |     9 |     6 |       |       |       ||    15
       Skin              |       |       |       |       |       |       |       |     4 ||     4
Dodge: Dodged            |    45 |    13 |    36 |   126 |   285 |   226 |   271 |   213 ||  1215
       Rpst.: Demon blade |       |       |       |       |     6 |       |       |       ||     6
       Triple sword      |       |       |       |       |       |     1 |       |       ||     1
